 Dungeon Crawl Stone Soup version 0.24.1-11-gbbbb2193e6 (webtiles) character file.

Game seed: 16277357691455482446, levelgen mode: deterministic

288 Hugehornet the Changer (level 6, -1/38 HPs)
             Began as an Octopode Transmuter on May 11, 2020.
             Slain by Farlane's ghost (8 damage)
             ... on level 3 of the Dungeon.
             The game lasted 00:05:19 (3936 turns).

Hugehornet the Changer (Octopode Transmuter)        Turns: 3936, Time: 00:05:20

Health: -1/38      AC:  1    Str: 10    XL:     6   Next: 31%
Magic:  8/10       EV: 13    Int: 17    God:
Gold:   165        SH:  0    Dex: 12    Spells: 1/11 levels left

rFire    . . .     SeeInvis .     - Unarmed
rCold    . . .     Gourm    .   (no shield)
rNeg     . . .     Faith    .   (helmet restricted)
rPois    .         Spirit   .   (no amulet)
rElec    .         Reflect  .   (no ring)
rCorr    .         Harm     .   (no ring)
MR       .....                  (no ring)
Stlth    ++........             (no ring)
HPRegen  0.12/turn              (no ring)
MPRegen  0.12/turn              (no ring)
                                (no ring)
                                (no ring)

@: appendage (expiring)
A: almost no armour, stealthy swim, amphibious, 8 rings, constrict 8, tentacle
spike 3, camouflage 1, gelatinous body 1
a: End Transformation


You were on level 3 of the Dungeon.
You were hungry.
One of your tentacles had a temporary spike.
You visited 1 branch of the dungeon, and saw 3 of its levels.

You collected 165 gold pieces.

Inventory:

Missiles
 a - 69 arrows
Wands
 p - a wand of iceblast (12)
Scrolls
 b - 3 scrolls of identify {unknown}
 e - 3 scrolls of blinking {unknown}
 f - a scroll of immolation {unknown}
 j - a scroll of magic mapping {unknown}
 l - a scroll of remove curse {unknown}
 m - a scroll of enchant armour {unknown}
 n - 2 scrolls of teleportation {unknown}
 o - a scroll of random uselessness {unknown}
Potions
 d - 3 potions of curing {unknown}
 g - 2 potions of mutation {unknown}
 h - a potion of might {unknown}
 i - 2 potions of agility {unknown}
 k - 3 potions of lignification {unknown}
Comestibles
 c - 4 rations


   Skills:
 - Level 1.0 Fighting
 - Level 2.0 Dodging
 + Level 3.6 Unarmed Combat
 + Level 3.3 Spellcasting
 * Level 4.2 Transmutations
 * Level 1.0 Ice Magic
 - Level 3.0 Poison Magic


You had one spell level left.
You knew the following spells:

 Your Spells              Type           Power        Failure   Level  Hunger
a - Beastly Appendage     Tmut           ###...       3%          1    None
b - Sticks to Snakes      Tmut           ###.....     4%          2    ##.....
c - Spider Form           Tmut/Pois      ###.......   12%         3    ###....
d - Ice Form              Ice/Tmut       ##......     50%         4    ####...

Your spell library contained the following spells:

 Spells                   Type           Power        Failure   Level  Hunger
 Blade Hands              Tmut           ###.......   63%         5    ######.


Dungeon Overview and Level Annotations

Branches:
Dungeon (3/15)

Altars:
Ashenzari
Zin

Annotations:
D:3 1 transporter, Farlane's ghost, weakling DsFi


Innate Abilities, Weirdness & Mutations

You cannot wear most types of armour.
You are very stealthy in the water. (Stealth+)
You are amphibious.
You can wear up to eight rings at the same time.
You can use your tentacles to constrict eight enemies at once.
Your skin changes colour to match your surroundings (Stealth+).
Your rubbery body absorbs attacks. (AC +1, EV +1)
One of your tentacles bears a large vicious spike.


Message History

Farlane's ghost completely misses you.
You barely miss Farlane's ghost.
You pierce Farlane's ghost, but do no damage.
Your squeeze misses Farlane's ghost.
Farlane's ghost is heavily damaged.
Farlane's ghost closely misses you.
You tentacle-slap Farlane's ghost but do no damage.
Farlane's ghost is heavily damaged.
Farlane's ghost hits you.
* * * LOW HITPOINT WARNING * * *
You tentacle-slap Farlane's ghost.
You pierce Farlane's ghost.
Farlane's ghost is heavily damaged.
Farlane's ghost says, "You must not succeed where I failed!"
Farlane's ghost hits you.
* * * LOW HITPOINT WARNING * * *
You closely miss Farlane's ghost.
Farlane's ghost is heavily damaged.
Your transformation is almost over.
Farlane's ghost hits you!
You die...

.######.# ##..#.# #.######### .#
#.####...#.### #..........
[######......©.....## #..#######.
.#.......#########..# #..# #.
.#.####.##8.....8##.###..#######.
.#.# #.#.........#......).)....#
...# #.#=##...##.#.###..#######)
...# #.#.##..g##.#......# #. ##.#
#.#....©bW@.#..###.# #. #.#
#.#.##..K##.#....#.#######.
#.####.#.##...##.#..#.#.........
#......#........©#........######
#####..##8.)$(.8##..#.###.## #.
######...#########..........####.
.##....#.....©.....#######.(.....
.##.########....#### #.#####.
..................# #.# ##


You could see Farlane's ghost, a hobgoblin, a bat and a kobold.

Vanquished Creatures
  Sigmund (D:3)
  An orc wizard (D:3)
  Robin (D:3)
  An adder (D:3)
  2 worms (D:2)
  3 dart slugs
  2 leopard geckos
  8 orcs (D:3)
  A giant cockroach (D:3)
  11 goblins
  8 hobgoblins
  2 jackals (D:1)
  A quokka (D:3)
  9 bats
  5 frilled lizards
  5 kobolds
  2 rats (D:2)
63 creatures vanquished.

Notes
Turn   | Place    | Note
-------+----------+-------------------------------------------
     0 | D:1      | Hugehornet the Octopode Transmuter began the quest for the
                  | Orb.
     0 | D:1      | Reached XP level 1. HP: 13/13 MP: 3/3
   311 | D:1      | Reached XP level 2. HP: 17/18 MP: 3/5
   315 | D:1      | Learned a level 2 spell: Sticks to Snakes
  1305 | D:2      | Reached skill level 3 in Transmutations
  1371 | D:2      | Reached XP level 3. HP: 23/23 MP: 4/6
  1376 | D:2      | Learned a level 3 spell: Spider Form
  1616 | D:2      | Found a shattered altar of Ashenzari.
  1969 | D:2      | Reached skill level 1 in Poison Magic
  2321 | D:3      | Noticed Sigmund
  2339 | D:3      | Killed Sigmund
  2339 | D:3      | Reached skill level 4 in Transmutations
  2339 | D:3      | Reached XP level 4. HP: 10/28 MP: 5/8
  2339 | D:3      | Reached XP level 5. HP: 12/33 MP: 5/9
  2369 | D:2      | HP: 1/33 [poisoned by Sigmund]
  2913 | D:3      | Learned a level 4 spell: Ice Form
  2940 | D:3      | Found a glowing silver altar of Zin.
  3046 | D:3      | Noticed Robin
  3068 | D:3      | Reached XP level 6. HP: 27/38 MP: 7/10
  3087 | D:3      | Killed Robin
  3434 | D:3      | Reached skill level 1 in Ice Magic
  3561 | D:3      | Found a transporter.
  3564 | D:3      | Noticed Farlane's ghost (weakling DsFi)
  3573 | D:3      | Found a transporter.
  3936 | D:3      | Slain by Farlane's ghost

Levels and vault maps discovered:
D:1:      minmay_arrival_stair_chambers, layout_basic, serial_aquarium,
          aquarium_bridge_square [aquarium_subvault_wall,
          aquarium_subvault_wall, aquarium_subvault_wall,
          aquarium_subvault_bridge], aquarium_bridge_square
          [aquarium_subvault_wall, aquarium_subvault_bridge,
          aquarium_subvault_wall, aquarium_subvault_bridge], aquarium_window_3,
          aquarium_window_1, aquarium_view_2f, aquarium_view_2d,
          aquarium_balcony_3b, aquarium_pool_corner
D:2:      layout_basic, evilmike_ruin_ashenzari, serial_glass, glass_columns_b,
          glass_columns_a, glass_columns_a, glass_columns_a, glass_columns_a,
          glass_columns_a, glass_columns_c, glass_columns_b
D:3:      layout_loops_ring, zin_scriptorium, gammafunk_ghost_arena, uniq_robin,
          uniq_sigmund

Skill      XL: |  1  2  3  4  5  6 |
---------------+-------------------+-----
Transmutations | 3 4 |  4.2
Poison Magic   | 2 3 |  3.0
Spellcasting   | 3 |  3.3
Ice Magic      | 1 |  1.0
Fighting       | |  1.0
Dodging        | |  2.0
Unarmed Combat | |  3.6

Action                   |  1- 3 |  4- 6 || total
-------------------------+-------+-------++-------
Melee: Unarmed           |    87 |    79 ||   166
       Constrict         |    27 |    16 ||    43
       Kick              |    18 |    13 ||    31
       Tentacles         |    10 |    11 ||    21
       Punch             |     1 |     1 ||     2
 Cast: Beastly Appendage |    30 |    14 ||    44
       Spider Form       |     1 |     3 ||     4
 Abil: End Transformatio |       |     1 ||     1
 Stab: Sleeping          |     7 |     1 ||     8
  Eat: Chunk             |     4 |     2 ||     6
       Ration            |       |     1 ||     1
Armor: Skin              |    10 |     7 ||    17
Dodge: Dodged            |    41 |    61 ||   102
